 Dungeon Crawl Stone Soup version 0.28-a0-779-g3d1f99b579 (webtiles) character file.

Game seed: 8156085491235685515

3497 bande the Cleaver (level 10, -17/61 HPs)
             Began as a Gargoyle Fighter on Nov 2, 2021.
             Was a Believer of Okawaru.
             Demolished by a death yak (19 damage)
             ... on level 7 of the Dungeon on Nov 3, 2021.
             The game lasted 00:15:12 (7588 turns).

bande the Cleaver (Gargoyle Fighter)                Turns: 7588, Time: 00:15:13

Health: -17/61     AC: 23    Str: 21    XL:     10   Next: 7%
Magic:  12/12      EV: 12    Int:  9    God:    Okawaru [**....]
Gold:   370        SH: 10    Dex: 11    Spells: 9/9 levels left

rFire   . . .      SeeInvis .   a - +1 war axe (spect)
rCold   . . .      Faith    .   c - +0 buckler
rNeg    + . .      Spirit   .   u - +0 chain mail
rPois   ∞          Reflect  +   (helmet restricted)
rElec   +          Harm     .   (no cloak)
rCorr   .          Rampage  .   j - +2 pair of gloves
Will    .....                   (no boots)
Stlth   ..........              g - amulet of reflection
HPRegen 0.20/turn               w - +4 ring of evasion
MPRegen 0.13/turn               (no ring)

@: no status effects
A: sickness immunity, AC +7, negative energy resistance 1, electricity
resistance, torment resistance 1, petrification resistance, antennae 1,
iridescent scales 1, evolution 1
a: Renounce Religion, Heroism


You were on level 7 of the Dungeon.
You worshipped Okawaru.
Okawaru was pleased with you.
You visited 2 branches of the dungeon, and saw 9 of its levels.
You also visited: Sewer.

You collected 430 gold pieces.
You spent 60 gold pieces at shops.

Inventory:

Hand Weapons
 a - a +1 spectral war axe (weapon)
 r - a +0 flail
 t - a +0 war axe
Armour
 c - a +0 buckler (worn)
 j - a +2 pair of gloves (worn)
 m - a +2 helmet of intelligence
 u - a +0 chain mail (worn)
Jewellery
 g - an amulet of reflection (around neck)
 l - a ring of resist corrosion
 w - a +4 ring of evasion (left hand)
Wands
 b - a wand of iceblast (19)
 d - a wand of flame (6)
Scrolls
 k - 4 scrolls of teleportation
 n - 2 scrolls of enchant armour
 q - 5 scrolls of fear
 v - a scroll of magic mapping
Potions
 e - a potion of ambrosia
 f - 3 potions of magic
 h - 2 potions of brilliance
 i - 7 potions of haste
 o - a potion of might
 s - a potion of cancellation
 C - a potion of heal wounds


   Skills:
 + Level 6.6 Fighting
 + Level 8.6 Axes
 + Level 7.2 Armour
 + Level 5.6 Shields
 * Level 3.7 Invocations
 * Level 3.9 Evocations


You had 9 spell levels left.
You didn't know any spells.
Your spell library contained the following spells:

 Spells                   Type           Power      Damage    Failure   Level
 Beastly Appendage        Tmut           0%         N/A       97%         1
 Magic Dart               Conj           0%         1d3       97%         1
 Blink                    Tloc           0%         N/A       99%         2
 Searing Ray              Conj           0%         2d4       99%         2
 Wereblood                Tmut           0%         N/A       99%         2
 Lesser Beckoning         Tloc           0%         N/A       100%        3
 Spider Form              Tmut/Pois      0%         N/A       100%        3
 Fulminant Prism          Conj/Hex       0%         3d6       100%        4
 Manifold Assault         Tloc           0%         N/A       100%        5
 Storm Form               Tmut/Air       0%         N/A       100%        7
 Maxwell's Capacitive Co  Air            0%         ∞         100%        8
 Summon Lightning Spire   Summ/Air       Unusable   N/A       N/A         4

Dungeon Overview and Level Annotations

Branches:
Dungeon (8/15)             Temple (1/1) D:6            Lair (0/6) D:8
  Sewer (visited)

Altars:
Cheibriados
Dithmenos
Elyvilon
Fedhas
Gozag
Hepliaklqana
Kikubaaqudgha
Makhleb
Nemelex Xobeh
Okawaru
Qazlal
Ru
Sif Muna
Trog
Uskayaw
Vehumet
Wu Jian
Xom
Zin
The Shining One

Shops:
D:2 (   D:5 !*:*?

Annotations:
D:4 1 runed translucent door, AlleluiaPinecone's ghost, novice VSBr
D:8 1 runed translucent door, snackwell's ghost, novice KoEn


Innate Abilities, Weirdness & Mutations

You are immune to sickness and miasma.
Your stone body is resilient. (AC +7)
You are immune to poison.
You resist negative energy. (rN+)
You are resistant to electric shocks. (rElec)
You are resistant to unholy torment.
You are immune to petrification.
You have a pair of small antennae on your head.
You are partially covered in iridescent scales. (AC +2)
You have hidden genetic potential.


Message History

You block the yak's attack. The death yak gores you!
The hell rat closely misses you.
Unknown command.
You hit the death yak.
The death yak is lightly wounded.
You closely miss the hell rat. You barely miss the hell rat. You hit the yak.
Your +1 spectral war axe completely misses the hell rat.
Your +1 spectral war axe hits the hell rat but does no damage.
Your +1 spectral war axe hits the death yak.
The hell rat misses you. The yak gores you!
The hell rat bites you but does no damage.
The death yak gores you but does no damage.
You barely miss the death yak.
The death yak is lightly wounded.
You hit the hell rat. You hit the hell rat but do no damage.
You hit the yak but do no damage.
Your +1 spectral war axe completely misses the hell rat.
Your +1 spectral war axe hits the hell rat!
Your +1 spectral war axe hits the death yak!
The hell rat bites you but does no damage.
The hell rat barely misses you. The yak gores you.
You block the death yak's attack. The hell rat closely misses you.
You hit the death yak.
The death yak is moderately wounded.
You slash the yak! You closely miss the hell rat. You hit the hell rat.
Your +1 spectral war axe hits the yak.
Your +1 spectral war axe hits the hell rat!
You kill the hell rat!
Okawaru accepts your kill. You block the hell rat's attack.
You block the yak's attack. The death yak gores you!!
* * * LOW HITPOINT WARNING * * *
You slash the death yak!
The death yak is heavily wounded.
You barely miss the hell rat. You hit the yak.
Your +1 spectral war axe hits the hell rat.
You kill the hell rat!
Okawaru accepts your kill. You block the yak's attack.
The death yak gores you!!
You die...

.####.....###..#.......###.......
#####.....###..#.......# #......#
###.#.......#.........####.....##
#.......................#.....###
##...............##....#####.....
..>....##........#.....###....###
.......#..##.....#............##.
.......##.##...Y.†...............
.......#..#..###@(.........[.....
......###.....#Y§....#...........
...##................###.........
..##.................# ##........
.###.......##........# ##........
............#........###.........
##...#....###........[.#.........
##........#.................##...
#...............................#


You could see a death yak, a yak and a friendly +1 spectral war axe (summoned).

Vanquished Creatures
  Pikel (D:6)
  Grinder (D:3)
  A yak (D:7)
  2 steam dragons
  A water moccasin (D:7)
  A sky beast (D:5)
  Pargi (Sewer)
  An orc warrior (D:6)
  A black bear (D:4)
  2 necrophages
  5 centaurs
  An ogre (D:6)
  3 lemures (D:6)
  3 bullfrogs
  A gnoll sergeant (D:6)
  4 scorpions
  2 water moccasin zombies
  A water moccasin skeleton (D:5)
  5 bullfrog zombies (D:6)
  A hound (D:7)
  A jelly (D:7)
  A bullfrog skeleton (D:6)
  2 centaur skeletons
  3 iguanas
  3 hell rats (D:7)
  A killer bee zombie (D:6)
  A hound zombie (D:5)
  2 howler monkey zombies (D:6)
  4 gnolls (D:3)
  4 adders
  2 shadow imps
  A white imp (D:7)
  An ufetubus (D:5)
  An adder skeleton (D:4)
  2 worms
  2 dart slugs
  5 orcs
  7 endoplasms
  6 giant cockroaches
  5 goblins
  7 hobgoblins
  7 jackals (D:3)
  11 kobolds
  2 quokkas
  10 ball pythons
  4 bats
  4 frilled lizards
  3 rats
140 creatures vanquished.

Vanquished Creatures (others)
  2 fungi (D:1)
2 creatures vanquished.

Grand Total: 142 creatures vanquished

Notes
Turn   | Place    | Note
-------+----------+-------------------------------------------
     0 | D:1      | bande the Gargoyle Fighter began the quest for the Orb.
     0 | D:1      | Reached XP level 1. HP: 14/14 MP: 1/1
   586 | D:1      | Found a faded altar of an unknown god.
   631 | D:1      | Reached skill level 2 in Axes
   631 | D:1      | Reached XP level 2. HP: 17/19 MP: 2/2
  1367 | D:2      | Found Haini's Weapon Emporium.
  1859 | D:2      | Reached XP level 3. HP: 24/24 MP: 3/3
  2324 | D:3      | Reached XP level 4. HP: 29/29 MP: 4/4
  2368 | D:3      | Reached skill level 3 in Axes
  2731 | D:3      | Noticed Grinder
  2734 | D:3      | Paralysed by Grinder for 5 turns
  2748 | D:3      | Killed Grinder
  2749 | D:3      | Reached skill level 4 in Axes
  2749 | D:3      | Reached XP level 5. HP: 21/34 MP: 5/5
  2749 | D:3      | Reached XP level 6. HP: 25/39 MP: 6/6
  2948 | D:3      | Found a glowing drain.
  2969 | Sewer    | Entered a sewer
  3059 | Sewer    | Noticed Pargi
  3065 | Sewer    | Killed Pargi
  3694 | D:4      | Reached XP level 7. HP: 44/44 MP: 7/7
  3805 | D:4      | Reached skill level 5 in Axes
  3890 | D:4      | Found a runed translucent door.
  3937 | D:4      | Noticed AlleluiaPinecone's ghost (novice VSBr)
  4017 | D:4      | Reached skill level 5 in Armour
  4452 | D:5      | Entered Level 5 of the Dungeon
  4473 | D:5      | Found Piany's General Store.
  4619 | D:5      | Reached XP level 8. HP: 48/48 MP: 8/8
  4725 | D:5      | Reached skill level 5 in Fighting
  4725 | D:5      | Reached skill level 6 in Axes
  4749 | D:5      | Found Homa Vuh's Distillery.
  4757 | D:5      | Bought a potion of heal wounds for 60 gold pieces
  4793 | D:5      | Reached skill level 1 in Evocations
  4887 | D:5      | Found Toanketu's Book Shoppe.
  4998 | D:5      | Found Fosimm's Magic Scroll Emporium.
  5065 | D:5      | Found Quathrempe's General Store.
  5355 | D:6      | Found a staircase to the Ecumenical Temple.
  5363 | Temple   | Entered the Ecumenical Temple
  5450 | Temple   | Became a worshipper of Warmaster Okawaru
  5644 | D:6      | Reached skill level 7 in Axes
  5671 | D:6      | Noticed Pikel
  5680 | D:6      | Reached * piety under Okawaru
  5681 | D:6      | Reached skill level 5 in Shields
  5681 | D:6      | Reached skill level 1 in Invocations
  5681 | D:6      | Reached XP level 9. HP: 19/54 MP: 9/9
  5696 | D:6      | Killed Pikel
  6027 | D:6      | Reached skill level 8 in Axes
  6044 | D:6      | Gained mutation: You have hidden genetic potential. [potion
                  | of mutation]
  6044 | D:6      | Gained mutation: You have a pair of small antennae on your
                  | head. [potion of mutation]
  6044 | D:6      | Gained mutation: You are partially covered in iridescent
                  | scales. (AC +2) [potion of mutation]
  6394 | D:7      | Reached ** piety under Okawaru
  6950 | D:8      | Found a runed translucent door.
  6952 | D:8      | Noticed snackwell's ghost (novice KoEn)
  7061 | D:8      | Reached XP level 10. HP: 45/61 MP: 12/12
  7150 | D:8      | Found a staircase to the Lair.
  7151 | D:8      | Noticed a death yak
  7151 | D:8      | Noticed a death yak
  7152 | D:8      | Noticed a death yak
  7587 | D:7      | HP: 2/61 [death yak (20)]
  7588 | D:7      | Demolished by a death yak

Illustrated notes

Levels and vault maps discovered:
D:1:      scummos_arrival_simple_crosswalls, layout_basic,
          shapermc_ecumenical_altar_hornbeckon
D:2:      minmay_diamond_boxcup, layout_basic, serial_shops, shop,
          grunt_decor_cap
D:3:      layout_loops_corners, cheibrodos_sewer_entry_bend,
          chequers_serial_rivers_micro_b, uniq_grinder
D:4:      layout_cave_pods, ebering_ghost_sewer_d,
          minmay_fractal_squares_gapless_5
D:5:      layout_basic, serial_shops, kennysheep_mini, nicolae_shop_crystal,
          nicolae_stop_n_shop_2, shop, nicolae_inconvenience_store
D:6:      hangedman_cross_stitches, layout_loops_cross,
          minmay_temple_entry_tees, serial_undead, serial_undead_d,
          serial_undead_f, serial_undead_e, serial_undead_f,
          hangedman_abyss_or_decor_stabs, uniq_pikel
D:7:      layout_cave_pools, minmay_crystal_room
D:8:      layout_rooms, nicolae_overflow_crystal_walls, dpeg_lair_monsters,
          gammafunk_ghost_grave
Temple:   regret_index_temple_sigil_plot

Skill      XL: |  1  2  3  4  5  6  7  8  9 |
---------------+----------------------------+-----
Axes           | 2 4 5 7 8 |  8.6
Fighting       | 4 5 6 |  6.6
Armour         | 4 5 6 7 |  7.2
Shields        | 4 5 |  5.6
Evocations     | 2 3 |  3.9
Invocations    | 1 3 |  3.7

Action                   |  1- 3 |  4- 6 |  7- 9 | 10-12 || total
-------------------------+-------+-------+-------+-------++-------
Melee: War axe           |   137 |    78 |   146 |    32 ||   393
  Use: Scroll            |     5 |     5 |    12 |       ||    22
       Potion            |       |       |     6 |       ||     6
 Stab: Distracted        |       |       |     5 |       ||     5
Armor: Scale mail        |    83 |    41 |       |       ||   124
       Chain mail        |       |     2 |   119 |    13 ||   134
Dodge: Dodged            |    83 |    48 |    73 |    14 ||   218
Block: Buckler           |    32 |    19 |    54 |    20 ||   125
       Reflection        |       |       |     6 |       ||     6

Table legend: (Time is in decaauts)
 A = Elapsed time spent in this place.
 B = Non-inter-level travel time spent in this place.
 C = Inter-level travel time spent in this place.
 D = Time resting spent in this place.
 E = Time spent auto-exploring this place.
 F = Levels seen in this place.
 G = Mean time per level.
                   A        B        C        D        E       F      G
               +--------+--------+--------+--------+--------+-----+--------+
         Total |   7708 |   7511 |    197 |    978 |   5095 |  10 |  770.8 |
       Dungeon |   7440 |   7265 |    175 |    978 |   4935 |   8 |  930.0 |
        Temple |    115 |     93 |     22 |      0 |     57 |   1 |  115.0 |
         Sewer |    152 |    152 |      0 |      0 |    103 |   1 |  152.0 |
               +--------+--------+--------+--------+--------+-----+--------+

Top non-repeatable levels by time:
     D:1: 1248 daAuts
     D:3: 1160 daAuts
     D:2: 1119 daAuts
     D:7: 999 daAuts
     D:6: 899 daAuts
     D:5: 882 daAuts
     D:4: 868 daAuts
     D:8: 262 daAuts
   Sewer: 152 daAuts
  Temple: 115 daAuts
